 Dungeon Crawl Stone Soup version 0.29-a0-11-ga75d3d97ab (webtiles) character file.

Game seed: 15434489958265916230

2438 issech the Basher (level 9, -6/79 HPs)
             Began as a Troll Monk on Jan 28, 2022.
             Was a Priest of Hepliaklqana.
             Splashed by a brown very ugly thing's acid (9 damage)
             ... on level 1 of the Abyss.
             The game lasted 00:17:57 (5290 turns).

issech the Basher (Troll Monk)                      Turns: 5290, Time: 00:17:58

Health: -6/79      AC: -4    Str: 21    XL:     9   Next: 25%
Magic:  8/8        EV: 12    Int:  6    God:    Hepliaklqana [***...]
Gold:   264        SH:  0    Dex: 16    Spells: 8/8 levels left

rFire   . . .      SeeInvis .   H - +0 giant spiked club (chaos)
rCold   . . .      Faith    .   (shield currently unavailable)
rNeg    . . .      Spirit   .   b - +0 robe
rPois   .          Reflect  .   (helmet restricted)
rElec   .          Harm     .   (no cloak)
rCorr   .          Rampage  .   (gloves unavailable)
Will    +....                   (boots unavailable)
Stlth   ++........              (no amulet)
HPRegen 1.03/turn               r - ring of flight
MPRegen 0.11/turn               y - ring of willpower

@: corroded, flying, slowed, very slow
A: reduced essence, large, unfitting armour, claws 3, regeneration 1, shaggy fur
1, tough skin 1
a: Renounce Religion, Recall Ancestor, Ancestor Identity, Transference


You were on level 1 of the Abyss.
You worshipped Hepliaklqana.
Hepliaklqana was most pleased with you.
You visited 2 branches of the dungeon, and saw 7 of its levels.
You visited the Abyss 1 time.

You collected 264 gold pieces.

Inventory:

Hand Weapons
 a - a +0 mace
 i - a +0 hunting sling
 k - a +0 dire flail
 t - a +0 whip of draining
 v - a +0 whip of electrocution
 D - a +0 giant club
 H - a +0 giant spiked club of chaos (weapon)
 K - a +0 shortbow
 L - a +0 dagger of venom
Missiles
 d - 136 stones
 e - 48 bolts
 l - 3 javelins
 m - 148 arrows
 n - 3 atropa-tipped darts
 s - 9 poisoned darts
 u - 3 throwing nets
 w - 73 sling bullets
 E - 6 large rocks (quivered)
 M - a boomerang
Armour
 b - a +0 robe (worn)
Magical Staves
 J - a staff of air
Jewellery
 r - a ring of flight (left claw)
 y - a ring of willpower (right claw)
Wands
 I - a wand of iceblast (9)
Scrolls
 c - 3 scrolls of amnesia
 f - a scroll of noise
 h - a scroll of fog
 o - a scroll of teleportation
 F - a scroll of enchant weapon {unknown}
Potions
 g - 2 potions of invisibility {unknown}
 j - 2 potions of curing {unknown}
 p - 2 potions of brilliance {unknown}
 q - a potion of ambrosia {unknown}
 x - a potion of flight {unknown}
 z - a potion of cancellation {unknown}
 A - 2 potions of heal wounds {unknown}
 B - a potion of magic {unknown}
 C - a potion of haste {unknown}
 G - 2 potions of lignification {unknown}


   Skills:
 + Level 5.1 Fighting
 + Level 8.3 Maces & Flails
 + Level 5.5 Dodging
 + Level 2.8 Stealth


You had 8 spell levels left.
You didn't know any spells.
Your spell library was empty.

Dungeon Overview and Level Annotations

Branches:
Dungeon (6/15)             Temple (1/1) D:4

Altars:
Ashenzari
Cheibriados
Dithmenos
Elyvilon
Fedhas
Gozag
Hepliaklqana
Kikubaaqudgha
Makhleb
Nemelex Xobeh
Okawaru
Qazlal
Sif Muna
Trog
Uskayaw
Vehumet
Wu Jian
Xom
Yredelemnul
Zin

Annotations:
D:6 Maggie


Innate Abilities, Weirdness & Mutations

Your life essence is reduced to manifest your ancestor. (-10% HP)
You are too large for most types of armour.
You have claws for hands.
Your natural rate of healing is unusually fast.
You are covered in fur. (AC +1)
You have tough skin. (AC +1)


Message History

Maggie is heavily wounded.
Maggie hits you with a +1 morningstar of distortion!
You are cast into the Abyss!
This branch contains the abyssal rune of Zot.
A red ugly thing comes into view.
A red ugly thing comes into view.
The red ugly thing gurgles horribly!
You hear a horrible gurgling sound!
A red ugly thing comes into view.
A red very ugly thing comes into view.
The red ugly thing basks in the mutagenic energy from its kin and changes!
A lich comes into view.
The lich shouts!
Found a corrupted altar of Lugonu.
The red very ugly thing basks in the mutagenic energy from its kin and changes!
The lich points at you and mumbles some strange words.
You feel yourself slow down.
A small abomination comes into view.
The lich gestures wildly while chanting.
The lich flickers and vanishes!
Deactivating autopickup; reactivate with Ctrl-A.
You hear some strange, mumbled words.
A bolt of cold appears from out of thin air!
The bolt of cold hits you!!!
Ouch! That really hurt!
A harpy zombie comes into view.
The brown very ugly thing punches you! The acid corrodes you!
You are splashed with acid!
* * * LOW HITPOINT WARNING * * *
The harpy zombie barely misses you. The harpy zombie claws you.
* * * LOW HITPOINT WARNING * * *
The harpy zombie closely misses you. The harpy zombie claws you!
* * * LOW HITPOINT WARNING * * *
The harpy zombie misses you. The harpy zombie claws you.
* * * LOW HITPOINT WARNING * * *
You hit the brown very ugly thing.
The brown very ugly thing is lightly wounded.
The brown very ugly thing punches you!
* * * LOW HITPOINT WARNING * * *
The acid corrodes you!
You are splashed with acid!
You die...

## #. #.. .# ###
.# #. .. .. .#.
#. ## ##.# .###.#
#.@###..#..###.#
......#u#.x##..#
..
###..#Z#{....#..#
#.#.#.......# #
####
##..#...#.#..#
###..# #.
##..#.###..#.. .#
#. #####.#.#...##
. . #..##.###..
#. ..#. ##.. .#


You could see a brown very ugly thing and a harpy zombie.

Vanquished Creatures
  Menkaure (D:6)
  2 ogres (D:5)
  A centaur (D:6)
  A phantom (D:5)
  A scorpion (D:6)
  A water moccasin zombie (D:6)
  A water moccasin skeleton (D:5)
  A wyvern skeleton (D:5)
  A howler monkey (D:6)
  A centaur zombie (D:5)
  A hound (D:5)
  2 bullfrog zombies (D:6)
  A bullfrog skeleton (D:5)
  2 centaur skeletons (D:5)
  A scorpion zombie (D:5)
  3 iguanas (D:5)
  A killer bee zombie (D:5)
  A hound zombie (D:5)
  A mummy (D:5)
  4 gnolls
  6 adders
  A white imp (D:6)
  An ufetubus (D:5)
  An adder skeleton (D:5)
  A worm (D:3)
  3 dart slugs
  5 orcs (D:6)
  2 bats
  4 endoplasms
  5 giant cockroaches
  3 goblins
  5 hobgoblins
  5 jackals
  A quokka (D:4)
  4 ball pythons
  3 frilled lizards
  2 hobgoblin zombies (D:5)
  6 kobolds
  An orc zombie (D:5)
  2 rats (D:2)
89 creatures vanquished.

Vanquished Creatures (collateral kills)
  A two-headed ogre (D:5)
  An ogre (D:5)
  Blork the orc (D:6)
  A scorpion (D:5)
  A wyvern zombie (D:5)
  A centaur zombie (D:5)
  2 hounds
  A bullfrog zombie (D:5)
  A bullfrog skeleton (D:5)
  2 jellies (D:6)
  2 orc wizards (D:6)
  A scorpion zombie (D:5)
  A hound zombie (D:5)
  A hound skeleton (D:5)
  3 adders
  A white imp (D:5)
  A worm (D:5)
  A dart slug (D:5)
  4 orcs (D:6)
  4 jackals (D:4)
  A ball python (D:4)
  An orc zombie (D:5)
33 creatures vanquished.

Vanquished Creatures (others)
  A battlemage (D:5)
  3 withered plants (D:5)
4 creatures vanquished.

Grand Total: 126 creatures vanquished

Notes
Turn   | Place    | Note
-------+----------+-------------------------------------------
     0 | D:1      | issech the Troll Monk began the quest for the Orb.
     0 | D:1      | Reached XP level 1. HP: 22/22 MP: 0/0
    34 | D:1      | Found a faded altar of an unknown god.
   201 | D:1      | Reached skill level 3 in Maces & Flails
   201 | D:1      | Reached XP level 2. HP: 29/29 MP: 1/1
   776 | D:2      | Reached XP level 3. HP: 25/36 MP: 2/2
  1646 | D:3      | Reached XP level 4. HP: 27/44 MP: 3/3
  1792 | D:3      | HP: 1/35 [gnoll (7)]
  2212 | D:4      | Found a staircase to the Ecumenical Temple.
  2229 | D:4      | Reached XP level 5. HP: 46/48 MP: 4/4
  2232 | Temple   | Entered the Ecumenical Temple
  2620 | Temple   | Became a worshipper of Hepliaklqana the Forgotten
  2620 | Temple   | Reached * piety under Hepliaklqana
  2620 | Temple   | Reached ** piety under Hepliaklqana
  2621 | Temple   | Remembered your ancestor Nenetl as a battlemage
  2802 | D:4      | Reached skill level 4 in Maces & Flails
  3317 | D:5      | Entered Level 5 of the Dungeon
  3332 | D:5      | Reached XP level 6. HP: 36/54 MP: 5/5
  3475 | D:5      | Reached skill level 5 in Maces & Flails
  3481 | D:5      | Reached XP level 7. HP: 41/60 MP: 6/6
  3606 | D:5      | Noticed a two-headed ogre
  3617 | D:5      | Killed a two-headed ogre
  3618 | D:5      | Reached skill level 6 in Maces & Flails
  3618 | D:5      | Reached XP level 8. HP: 42/70 MP: 7/7
  3620 | D:5      | Reached skill level 5 in Dodging
  3732 | D:5      | Reached *** piety under Hepliaklqana
  3965 | D:5      | Reached skill level 7 in Maces & Flails
  4570 | D:6      | Noticed Menkaure
  4574 | D:6      | Killed Menkaure
  4575 | D:6      | Reached XP level 9. HP: 78/78 MP: 8/8
  4619 | D:6      | Noticed Blork the orc
  4625 | D:6      | Killed Blork the orc
  4626 | D:6      | Reached skill level 5 in Fighting
  4626 | D:6      | Reached skill level 8 in Maces & Flails
  5232 | D:6      | Noticed Maggie
  5238 | D:6      | Cast into level 1 of the Abyss (Maggie)
  5250 | Abyss:1  | Noticed a red ugly thing
  5251 | Abyss:1  | Noticed a red ugly thing
  5251 | Abyss:1  | Noticed a red ugly thing
  5252 | Abyss:1  | Noticed a red very ugly thing
  5264 | Abyss:1  | Noticed a lich
  5270 | Abyss:1  | Found a corrupted altar of Lugonu.
  5290 | Abyss:1  | HP: 3/79 [brown very ugly thing (11)]
  5290 | Abyss:1  | Splashed by a brown very ugly thing's acid

Illustrated notes

Levels and vault maps discovered:
D:1:      ncdulo_watergridlock, layout_basic,
          hellmonk_ecumenical_altar_inner_sanctum
D:2:      layout_loops_ring, chequers_jeans, kennysheep_potato
D:3:      layout_rooms, guppyfry_early_lair_pool
D:4:      layout_gridville, minmay_temple_entry_ruins, chequers_decorated_corner
D:5:      layout_loops_ring, serial_undead, serial_undead_f, serial_undead_a,
          serial_undead_c, serial_undead_c, serial_undead_a, serial_undead_e,
          serial_undead_a, minmay_mini_ossuary
D:6:      layout_basic, chequers_serial_rivers_large_b, uniq_menkaure,
          uniq_maggie, uniq_blork_the_orc
Temple:   mainiacjoe_temple_big_plus
Abyss:1:  base:
D:4

Skill      XL: |  1  2  3  4  5  6  7  8  9 |
---------------+----------------------------+-----
Maces & Flails | 3 4 5 6 7 8 |  8.3
Dodging        | 3 4 5 |  5.5
Fighting       | 3 4 5 |  5.1
Stealth        | 2 |  2.8

Action                   |  1- 3 |  4- 6 |  7- 9 || total
-------------------------+-------+-------+-------++-------
Melee: Mace              |    88 |    18 |       ||   106
       Punch             |     2 |       |     1 ||     3
       Whip              |       |    95 |    32 ||   127
       Giant spiked club |       |       |    82 ||    82
Invok: Ancestor Life: Ba |       |     1 |       ||     1
  Use: Scroll            |       |       |     6 ||     6
 Stab: Sleeping          |     3 |     1 |     5 ||     9
       Distracted        |       |     2 |     2 ||     4
Armor: Robe              |    36 |    34 |    33 ||   103
Dodge: Dodged            |    66 |    65 |    83 ||   214

Table legend: (Time is in decaauts)
 A = Elapsed time spent in this place.
 B = Non-inter-level travel time spent in this place.
 C = Inter-level travel time spent in this place.
 D = Time resting spent in this place.
 E = Time spent auto-exploring this place.
 F = Levels seen in this place.
 G = Mean time per level.
                   A        B        C        D        E       F      G
               +--------+--------+--------+--------+--------+-----+--------+
         Total |   5343 |   5181 |    162 |     82 |   2888 |   8 |  667.9 |
       Dungeon |   4845 |   4683 |    162 |     82 |   2501 |   6 |  807.5 |
        Temple |    438 |    438 |      0 |      0 |    387 |   1 |  438.0 |
         Abyss |     59 |     59 |      0 |      0 |      0 |   1 |   59.0 |
               +--------+--------+--------+--------+--------+-----+--------+

Top non-repeatable levels by time:
     D:2: 1016 daAuts
     D:5: 962 daAuts
     D:6: 908 daAuts
     D:4: 739 daAuts
     D:1: 681 daAuts
     D:3: 537 daAuts
  Temple: 438 daAuts
 Abyss:1: 59 daAuts
